 Dungeon Crawl Stone Soup version 0.27.1-1-g398f81649c (webtiles) character file.

Game seed: 14119958457112810099

27 nxtlvl the Cudgeller (level 3, -1/29 HPs)
             Began as a Formicid Monk on Sept 22, 2021.
             Succumbed to an adder's poison
             ... on level 2 of the Dungeon.
             The game lasted 00:04:47 (452 turns).

nxtlvl the Cudgeller (Formicid Monk)                 Turns: 452, Time: 00:04:48

Health: -1/29      AC:  3    Str: 15    XL:     3   Next: 25%
Magic:  3/3        EV: 12    Int: 10    God:
Gold:   56         SH:  0    Dex: 13    Spells: 2/2 levels left

rFire    . . .     SeeInvis +   a - +0 mace
rCold    . . .     Faith    .   (no shield)
rNeg     . . .     Spirit   .   c - +0 leather armour
rPois    +         Reflect  .   (helmet unavailable)
rElec    .         Harm     .   (no cloak)
rCorr    .         Rampage  .   (no gloves)
Will     .....                  (no boots)
Stlth    ++........             (no amulet)
HPRegen  0.09/turn              b - ring of poison resistance
MPRegen  0.08/turn              (no ring)

@: mighty, lethally poisoned (-1 -> -10), flying
A: permanent stasis, dig shafts and tunnels, antennae 3, four strong arms
a: Dig, Shaft Self


You were on level 2 of the Dungeon.
You visited 1 branch of the dungeon, and saw 3 of its levels.

You collected 56 gold pieces.

Inventory:

Hand Weapons
 a - a +0 mace (weapon)
Missiles
 e - 9 poisoned darts
 g - 16 sling bullets
Armour
 c - a +0 leather armour (worn)
Jewellery
 b - a ring of poison resistance (left hand)
Scrolls
 d - 2 scrolls of noise {unknown}
 f - a scroll of fear {unknown}


   Skills:
 - Level 3.2 Fighting
 * Level 4.2 Maces & Flails
 - Level 2.6 Dodging
 - Level 2.4 Stealth


You had 2 spell levels left.
You didn't know any spells.
Your spell library was empty.

Dungeon Overview and Level Annotations

Branches:
Dungeon (3/15)

Altars:

Annotations:
D:3 Grinder, Robin


Innate Abilities, Weirdness & Mutations

You cannot be hasted, slowed, berserked, paralysed or teleported.
You can dig through walls and to a lower floor.
You have a pair of large antennae on your head. (SInv)
Your four strong arms can wield two-handed weapons with a shield.


Message History

Found a scale mail.
A goblin comes into view. It is wielding a +0 club.
Found a whip.
The goblin shouts!
You barely miss the goblin. The goblin hits you but does no damage.
You hit the goblin.
The goblin is heavily wounded.
The goblin hits you but does no damage.
You hit the goblin.
The goblin is severely wounded.
The goblin hits you but does no damage. The goblin misses you.
You hit the goblin.
You kill the goblin!
An adder comes into view.
The adder hisses angrily.
You barely miss the adder. The adder barely misses you.
You hit the adder.
The adder is moderately wounded.
The adder bites you.
You are poisoned.
The adder poisons you! The adder closely misses you.
You closely miss the adder.
The adder is moderately wounded.
* * * LOW HITPOINT WARNING * * *
You feel sick. The adder misses you.
You closely miss the adder.
The adder is moderately wounded.
* * * LOW HITPOINT WARNING * * *
You feel sick. The adder bites you but does no damage. The adder bites you.
* * * LOW HITPOINT WARNING * * *
You are more poisoned.
The adder poisons you!
It was a potion of might.
You feel very mighty all of a sudden.
* * * LOW HITPOINT WARNING * * *
You feel sick. The adder closely misses you.
It was a potion of flight.
You feel very buoyant.
You fly up into the air.
You die...

######
#....#
#....#
###....# #
......#
...#....#
##.....##
#..
#....S@.#
..
#..#####.#
####.# #
#...[# ##
######
#.##)# .#
#..^_#
#.##.# .##
#.####
#.##.)
..####..#
##.###..
#.....).#
##..# ...


You could see an adder.

Vanquished Creatures
  A dart slug (D:1)
  2 bats (D:1)
  3 endoplasms
  2 giant cockroaches
  5 goblins
  2 hobgoblins (D:2)
  A jackal (D:1)
  A quokka (D:1)
  2 frilled lizards
  2 kobolds (D:1)
  2 rats (D:1)
23 creatures vanquished.

Notes
Turn   | Place    | Note
-------+----------+-------------------------------------------
     0 | D:1      | nxtlvl the Formicid Monk began the quest for the Orb.
     0 | D:1      | Reached XP level 1. HP: 18/18 MP: 1/1
    40 | D:1      | Reached XP level 2. HP: 23/24 MP: 2/2
   336 | D:2      | Reached skill level 4 in Maces & Flails
   336 | D:2      | Reached XP level 3. HP: 8/29 MP: 3/3
   393 | D:3      | Noticed Grinder
   393 | D:3      | Noticed Robin
   393 | D:3      | Noticed an ogre
   412 | D:2      | Found a faded altar of an unknown god.
   451 | D:2      | HP: 1/29 [poisoned by an adder]
   452 | D:2      | Succumbed to an adder's poison

Illustrated notes

Levels and vault maps discovered:
D:1:      minmay_arrival_arboretum_small, layout_basic
D:2:      layout_rooms, hellmonk_ecumenical_altar_leap_of_faith
D:3:      layout_rooms, uniq_jessica, uniq_grinder, uniq_robin

Skill      XL: |  1  2 |
---------------+-------+-----
Maces & Flails | 4 |  4.2
Fighting       | |  3.2
Dodging        | |  2.6
Stealth        | |  2.4

Action                   || total
-------------------------++-------
Melee: Mace              ||    71
 Abil: Dig               ||     5
  Use: Potion            ||     2
 Stab: Sleeping          ||     3
Armor: Robe              ||     1
       Leather armour    ||    19
Dodge: Dodged            ||    45
